 Dungeon Crawl Stone Soup version 0.25-a0-670-g50981ef59b (webtiles) character file.

Game seed: 14373669988975194986, levelgen mode: deterministic

54 CryoSword the Shooter (level 3, 0/30 HPs)
             Began as a Centaur Hunter on Mar 29, 2020.
             Slain by Natasha (3 damage)
             ... on level 2 of the Dungeon.
             The game lasted 00:04:02 (1808 turns).

CryoSword the Shooter (Centaur Hunter)              Turns: 1808, Time: 00:04:02

Health: 0/30       AC:  4    Str: 15    XL:     3   Next: 66%
Magic:  3/3        EV:  9    Int: 10    God:
Gold:   77         SH:  0    Dex:  9    Spells: 2/2 levels left

rFire    . . .     SeeInvis .   b - +0 short sword
rCold    . . .     Gourm    .   (no shield)
rNeg     . . .     Faith    .   c - +0 leather armour
rPois    .         Spirit   .   (no helmet)
rElec    .         Reflect  .   (no cloak)
rCorr    .         Harm     .   (no gloves)
MR       .....                  (no barding)
Stlth    +.........             (no amulet)
HPRegen  0.10/turn              (no ring)
MPRegen  0.08/turn              (no ring)

@: slowed
A: large, hooves 3, deformed body, speed 2, tough skin 3
a: no special abilities


You were on level 2 of the Dungeon.
You were not hungry.

You visited 1 branch of the dungeon, and saw 2 of its levels.

You collected 77 gold pieces.

Inventory:

Hand Weapons
 a - a +1 shortbow
 b - a +0 short sword (weapon)
Missiles
 d - 19 arrows
 i - 65 stones (quivered)
Armour
 c - a +0 leather armour (worn)
Scrolls
 h - a scroll of identify {unknown}
 j - a scroll of amnesia {unknown}
 m - a scroll of teleportation {unknown}
 o - a scroll of enchant armour {unknown}
Potions
 e - a potion of lignification {unknown}
 g - a potion of cancellation {unknown}
 l - a potion of curing {unknown}
 n - a potion of might {unknown}
Comestibles
 f - 5 rations {!d}
 k - a chunk of flesh


   Skills:
 + Level 2.8 Fighting
 * Level 6.6 Bows
 - Level 1.3 Dodging
 - Level 0.4 Stealth


You had 2 spell levels left.
You didn't know any spells.
Your spell library was empty.

Dungeon Overview and Level Annotations

Branches:
Dungeon (2/15)

Altars:

Annotations:
D:2 Natasha


Innate Abilities, Weirdness & Mutations

You have hooves in place of feet.
Armour fits poorly on your strangely shaped body.
You cover ground very quickly.
You have extremely tough skin. (AC +3)


Message History

The bat barely misses you. The bat barely misses you.
Found 16 stones.
The bat hits you but does no damage. The bat closely misses you.
You hit the bat.
You kill the bat!
No target in view!
i - 41 stones (gained 16)
i - 42 stones (gained 1)
You butcher the hobgoblin corpse.
k - a chunk of flesh You see here a hobgoblin skeleton. x2
i - 45 stones (gained 3)
There is a stone staircase leading down here.
i - 70 stones (gained 25)
You now have 53 gold pieces (gained 13).
You now have 61 gold pieces (gained 8).
A bat comes into view.
A bat is nearby!
A bat is nearby!
A bat is nearby!
Throwing (i - inventory)
i - 70 stones (quivered)
Aim: a bat You throw a stone.
The stone hits the bat but does no damage.
The bat hits you.
Throwing (i - inventory)
i - 69 stones (quivered)
Aim: a bat You throw a stone.
The stone hits the bat.
The bat hits you but does no damage.
Throwing (i - inventory)
i - 68 stones (quivered)
Aim: a bat (moderately wounded)
You throw a stone. The stone closely misses the bat.
The bat closely misses you.
Throwing (i - inventory)
i - 67 stones (quivered)
Aim: a bat (moderately wounded)
You throw a stone. The stone hits the bat.
The bat hits you but does no damage. The bat hits you but does no damage.
You miss the bat. The bat barely misses you.
The bat hits you but does no damage. The bat barely misses you.
You see here a stone.
You hit the bat.
You kill the bat!
No target in view!
i - 67 stones (gained 1)
You butcher the bat corpse.
k - 2 chunks of flesh (gained 1)
You see here a bat skeleton. x2
i - 68 stones (gained 1)
i - 69 stones (gained 1)
i - 70 stones (gained 1) Eating one of 2 chunks of flesh.
You eat one of the 2 chunks of flesh.
You now have 66 gold pieces (gained 5).
Found a robe.
You see here a robe.
You now have 77 gold pieces (gained 11).
A hobgoblin comes into view. It is wielding a +0 club.
A hobgoblin is nearby!
Throwing (i - inventory)
i - 70 stones (quivered)
Aim: a hobgoblin, wielding a +0 club You throw a stone.
The stone barely misses the hobgoblin.
Throwing (i - inventory)
i - 69 stones (quivered)
Aim: a hobgoblin, wielding a +0 club You throw a stone.
The stone hits the hobgoblin but does no damage.
Throwing (i - inventory)
i - 68 stones (quivered)
Aim: a hobgoblin, wielding a +0 club You throw a stone.
The stone hits the hobgoblin but does no damage.
Throwing (i - inventory)
i - 67 stones (quivered)
Aim: a hobgoblin, wielding a +0 club You throw a stone.
The stone barely misses the hobgoblin.
Throwing (i - inventory)
i - 66 stones (quivered)
Aim: a hobgoblin, wielding a +0 club You throw a stone.
The stone barely misses the hobgoblin.
The hobgoblin closely misses you.
You hit the hobgoblin but do no damage. Your kick misses the hobgoblin.
The hobgoblin hits you but does no damage.
You closely miss the hobgoblin. The hobgoblin hits you with a +0 club.
You closely miss the hobgoblin. Your kick misses the hobgoblin.
The hobgoblin hits you but does no damage.
You hit the hobgoblin. The hobgoblin hits you with a +0 club.
You hit the hobgoblin but do no damage. The hobgoblin hits you with a +0 club.
You closely miss the hobgoblin. You kick the hobgoblin.
You kill the hobgoblin!
No target in view!
No target in view!
You see here a +0 club.
i - 66 stones (gained 1)
A giant cockroach comes into view.
You see here a stone.
A giant cockroach is nearby!
A giant cockroach is nearby!
A giant cockroach is nearby!
Throwing (i - inventory)
i - 66 stones (quivered)
Aim: a giant cockroach You throw a stone.
The stone hits the giant cockroach but does no damage.
Throwing (i - inventory)
i - 65 stones (quivered)
Aim: a giant cockroach You throw a stone.
The stone hits the giant cockroach but does no damage.
Throwing (i - inventory)
i - 64 stones (quivered)
Aim: a giant cockroach You throw a stone.
The stone barely misses the giant cockroach.
Throwing (i - inventory)
i - 63 stones (quivered)
Aim: a giant cockroach You throw a stone.
The stone hits the giant cockroach but does no damage.
The giant cockroach barely misses you.
You hit the giant cockroach.
You kill the giant cockroach!
No target in view!
i - 63 stones (gained 1)
i - 67 stones (gained 4)
i - 68 stones (gained 1)
i - 69 stones (gained 1) Natasha, Servant of Life and Death comes into view.
Natasha hisses angrily.
You see here a stone.
Throwing (i - inventory)
i - 69 stones (quivered)
Aim: Natasha You throw a stone.
The stone barely misses Natasha.
Throwing (i - inventory)
i - 68 stones (quivered)
Aim: Natasha You throw a stone.
The stone hits Natasha.
Throwing (i - inventory)
i - 67 stones (quivered)
Aim: Natasha (lightly wounded)
You throw a stone. The stone barely misses Natasha.
Throwing (i - inventory)
i - 66 stones (quivered)
Aim: Natasha (lightly wounded)
You throw a stone. The stone closely misses Natasha.
Natasha claws you.
You hit Natasha. You kick Natasha, but do no damage. Natasha claws you.
You barely miss Natasha. Natasha casts a spell at you.
You feel yourself slow down.
You hit Natasha. You kick Natasha. Natasha barely misses you.
You hit Natasha but do no damage. Your kick misses Natasha.
Natasha barely misses you. Natasha claws you!
* * * LOW HITPOINT WARNING * * *
You barely miss Natasha. Your kick misses Natasha. Natasha claws you!
* * * LOW HITPOINT WARNING * * *
Natasha closely misses you.
You miss Natasha. Your kick misses Natasha. Natasha completely misses you.
You hit Natasha. Your kick misses Natasha. Natasha claws you.
* * * LOW HITPOINT WARNING * * *
Natasha claws you.
* * * LOW HITPOINT WARNING * * *
You closely miss Natasha. Your kick misses Natasha. Natasha claws you.
You die...

#################################
......................[..........
#################################
########################
(..(..h@..........).....
########################


You could see Natasha.

Vanquished Creatures
  An ooze (D:1)
  A worm (D:1)
  2 dart slugs (D:2)
  A leopard gecko (D:1)
  3 giant cockroaches
  2 goblins (D:1)
  8 hobgoblins
  4 jackals (D:2)
  7 bats
  A frilled lizard (D:1)
  6 kobolds
  2 rats (D:1)
38 creatures vanquished.

Vanquished Creatures (others)
  2 hobgoblins (D:1)
  A kobold (D:1)
  2 rats (D:1)
5 creatures vanquished.

Grand Total: 43 creatures vanquished

Notes
Turn   | Place    | Note
-------+----------+-------------------------------------------
     0 | D:1      | CryoSword the Centaur Hunter began the quest for the Orb.
     0 | D:1      | Reached XP level 1. HP: 17/17 MP: 1/1
   276 | D:1      | Reached XP level 2. HP: 9/24 MP: 2/2
   642 | D:1      | Reached skill level 6 in Bows
   957 | D:1      | Reached XP level 3. HP: 27/30 MP: 3/3
  1796 | D:2      | Noticed Natasha
  1808 | D:2      | Slain by Natasha

Levels and vault maps discovered:
D:1:      shiori_arrival_oz, layout_basic, minmay_misc_feat_room
D:2:      layout_basic, uniq_natasha, uniq_sigmund

Skill      XL: |  1  2 |
---------------+-------+-----
Bows           | 6 |  6.6
Fighting       | |  2.8
Dodging        | |  1.3
Stealth        | |  0.4

Action                   || total
-------------------------++-------
Melee: Short sword       ||   116
       Kick              ||    22
 Fire: Shortbow          ||     2
Throw: Stone             ||    92
  Eat: Chunk             ||     2
Armor: Leather armour    ||    57
Dodge: Dodged            ||    89

Table legend:
 A = Non-vault XP
 B = Vault XP
 C = Vault XP percentage of total XP
 D = Non-vault monster count
 E = Vault monster count
 F = Vault count percentage of total count
                 A         B        C        D         E       F
            +---------+---------+-------+---------+---------+-------
      Total |      76 |       2 |   2.6 |      36 |       2 |   5.3
            +---------+---------+-------+---------+---------+-------
        D:1 |      39 |       2 |   4.9 |      19 |       2 |   9.5
        D:2 |      37 |       0 |   0.0 |      17 |       0 |   0.0
            +---------+---------+-------+---------+---------+-------
